 Dungeon Crawl Stone Soup version 0.31-a0-145-g046c7d2549 (webtiles) character file.

Game seed: 14284837493633464759

900 lunkers the Basher (level 8, 0/63 HPs)
             Began as a Meteoran Fighter on June 6, 2023.
             Slain by a ball python (1 damage)
             ... in a sewer.
             The game lasted 00:09:41 (1817 turns).

lunkers the Basher (Meteoran Fighter)               Turns: 1817, Time: 00:09:41

Health: 0/63       AC: 11    Str: 20    XL:     8   Next: 53%
Magic:  9/9        EV:  2    Int:  9    God:
Gold:   143        SH:  5    Dex: 14    Spells: 7/7 levels left

rFire   . . .        a - +0 flail
rCold   . . .        c - +0 buckler
rNeg    . . .        g - +0 plate armour
rPois   .            (no helmet)
rElec   .            (no cloak)
rCorr   .            (no gloves)
SInv    .            (no boots)
Will    ++...        (no amulet) Stlth
                     b - ring of willpower
HPRegen 0.30/turn    h - ring of flight
MPRegen 0.11/turn

%: no passive effects
@: mighty, flying, glowing, constricted
A: sense surroundings 1, otherworldly, glowing, explore regen
a: no special abilities


You were in a sewer.
You visited 1 branch of the dungeon, and saw 4 of its levels.
You also visited: Sewer and Ossuary.

You collected 143 gold pieces.

Inventory:

Hand Weapons
 a - a +0 flail (weapon)
Armour
 c - a +0 buckler (worn)
 g - a +0 plate armour (worn)
Jewellery
 b - a ring of willpower (left hand)
 h - a ring of flight (right hand)
Wands
 i - a wand of polymorph (3)
Scrolls
 e - 2 scrolls of teleportation
 j - a scroll of magic mapping {unknown}
 m - a scroll of fog
Potions
 f - 2 potions of enlightenment
 k - a potion of resistance
 l - 2 potions of magic
 n - a potion of berserk rage {unknown}
 o - a potion of attraction {unknown}
 p - 2 potions of cancellation {unknown}
 q - 2 potions of curing {unknown}
 r - a potion of lignification {unknown}
 s - a potion of ambrosia {unknown}
 t - a potion of invisibility {unknown}
 u - a potion of brilliance {unknown}


   Skills:
 - Level 3.2 Fighting
 + Level 11.8 Maces & Flails
 - Level 3.6 Armour
 - Level 3.6 Shields


You had 7 spell levels left.
You didn't know any spells.
Your spell library contained the following spells:

 Spells                   Type           Power      Damage    Failure   Level
 Animate Armour           Summ/Erth      0%         N/A       100%        4
 Summon Lightning Spire   Summ/Air       0%         N/A       100%        4
 Blade Hands              Tmut           0%         N/A       100%        5


Dungeon Overview and Level Annotations

Branches:
Dungeon (4/15) Zot: 1158    Sewer (1/1) Zot: 358    Ossuary (visited)
 Temple: D:4-7

Altars:


Innate Abilities, Weirdness & Mutations

You passively map a small area around you.
You are easily found by Zot.
You glow in the dark.
You regain HP and MP as you explore.


Message History

The bullfrog hits you but does no damage.
You block the ball python's attack.
The ball python bites you but does no damage.
The ball python constricts you. The adder barely misses you.
You hit the bullfrog.
The bullfrog is severely wounded.
The bullfrog hits you but does no damage.
You block the adder's attack.
The bullfrog snags a nearby small bird with its tongue.
The ball python bites you but does no damage.
The ball python bites you.
* * * LOW HITPOINT WARNING * * *
The ball python constricts you.
* * * LOW HITPOINT WARNING * * *
The adder bites you but does no damage. You block the bullfrog's attack.
Unknown command.
You barely miss the bullfrog.
The bullfrog is severely wounded.
The adder bites you but does no damage.
The ball python bites you but does no damage.
The ball python bites you.
* * * LOW HITPOINT WARNING * * *
The ball python constricts you.
The bullfrog swells and bulges.
You block the bullfrog's attack.
The adder bites you but does no damage. x2
You barely miss the bullfrog.
The bullfrog is severely wounded.
The bullfrog hits you.
* * * LOW HITPOINT WARNING * * *
The ball python bites you but does no damage. x2
The ball python constricts you.
* * * LOW HITPOINT WARNING * * *
You block the adder's attack. The adder bites you but does no damage.
The bullfrog hits you.
* * * LOW HITPOINT WARNING * * *
You barely miss the bullfrog.
The bullfrog is severely wounded.
The ball python bites you but does no damage.
The adder bites you but does no damage. The ball python bites you.
You die...

#######################
###.#~~≈≈≈≈≈~~~~≈≈~~....#
##....≈≈~~≈#~..~#≈≈≈≈.....
#.....≈~≈~~~≈≈≈≈~~~~~.....
#....~~~~~≈≈~≈≈S~~~~≈~....
##....~~≈≈≈~≈≈≈SSS≈~~~.....
#.....#≈≈≈≈≈≈≈≈S@FF≈~~#...#
#....################## #
#...#### * ....#..# ,
..†.'..# *, ...##### #...##
#....####################
#......≈≈~~~≈≈≈≈≈≈~~≈~..###


You could see 2 bullfrogs, 2 adders and 3 ball pythons.

Vanquished Creatures
  A water moccasin (D:4)
  4 scorpions (Ossuary)
  3 centaur zombies (Ossuary)
  3 hounds (D:4)
  2 scorpion zombies (Ossuary)
  3 mummies (Ossuary)
  4 gnolls (D:4)
  12 adders
  5 river rats (Sewer)
  3 dart slugs
  2 orcs (D:3)
  3 bats
  3 endoplasms
  2 giant cockroaches
  A gnoll zombie (Ossuary)
  5 goblins
  3 hobgoblins
  12 jackals
  5 kobolds
  3 quokkas
  9 ball pythons (Sewer)
  3 frilled lizards
  3 goblin zombies (Ossuary)
  3 hobgoblin zombies (Ossuary)
  An orc zombie (Ossuary)
  25 rats
123 creatures vanquished.

Notes
Turn   | Place    | Note
-------+----------+-------------------------------------------
     0 | D:1      | lunkers the Meteoran Fighter began the quest for the Orb.
     0 | D:1      | Reached XP level 1. HP: 19/19 MP: 2/2
    94 | D:1      | Reached skill level 3 in Maces & Flails
   186 | D:1      | Reached XP level 2. HP: 26/26 MP: 3/3
   275 | D:1      | Reached skill level 4 in Maces & Flails
   365 | D:2      | Reached XP level 3. HP: 31/31 MP: 4/4
   468 | D:2      | Reached skill level 5 in Maces & Flails
   468 | D:2      | Reached XP level 4. HP: 36/38 MP: 5/5
   720 | D:3      | Reached skill level 6 in Maces & Flails
   720 | D:3      | Reached XP level 5. HP: 45/45 MP: 6/6
  1010 | D:4      | Found a sand-covered staircase.
  1032 | D:4      | Reached skill level 7 in Maces & Flails
  1039 | Ossuary  | Entered an ossuary
  1078 | Ossuary  | Reached XP level 6. HP: 43/50 MP: 7/7
  1106 | Ossuary  | Reached skill level 8 in Maces & Flails
  1131 | Ossuary  | Reached XP level 7. HP: 52/57 MP: 8/8
  1186 | Ossuary  | Reached skill level 9 in Maces & Flails
  1222 | Ossuary  | Reached skill level 10 in Maces & Flails
  1427 | D:4      | Reached XP level 8. HP: 26/63 MP: 9/9
  1478 | D:4      | Found a glowing drain.
  1514 | D:4      | Reached skill level 11 in Maces & Flails
  1560 | Sewer    | Entered a sewer
  1816 | Sewer    | HP: 1/63 [bullfrog (3)]
  1817 | Sewer    | Slain by a ball python

Illustrated notes

Levels and vault maps discovered:
D:1:      dpeg_arrival_morbid_curiosity, layout_loops_ring
D:2:      layout_basic, st_stairs_3, minmay_octomino_e4
D:3:      layout_basic, hellmonk_ecumenical_altar_leap_of_faith
D:4:      layout_basic, nicolae_sif_muna_condensation,
          minmay_temple_entry_ruins, nicolae_ossuary_entry_ruins,
          gup_sewer_entry_glass
Sewer:    sewer_minmay_w

Skill      XL: |  1  2  3  4  5  6  7  8 |
---------------+-------------------------+-----
Maces & Flails | 3 4 5 6 7 8 10 11 | 11.8
Fighting       | |  3.2
Armour         | |  3.6
Shields        | |  3.6

Action                     |  1- 3 |  4- 6 |  7- 9 || total
---------------------------+-------+-------+-------++-------
  Melee: Flail             |    59 |   141 |   268 ||   468
    Use: Scroll            |       |     7 |     5 ||    12
         Potion            |       |       |     1 ||     1
 Armour: Scale mail        |    49 |    56 |       ||   105
         Plate armour      |       |    35 |   249 ||   284
  Dodge: Dodged            |    26 |    56 |    58 ||   140
  Block: Buckler           |    15 |    35 |    86 ||   136

Table legend: (Time is in decaauts)
 A = Elapsed time spent in this place.
 B = Non-inter-level travel time spent in this place.
 C = Inter-level travel time spent in this place.
 D = Time resting spent in this place.
 E = Time spent auto-exploring this place.
 F = Levels seen in this place.
 G = Mean time per level.
                   A        B        C        D        E       F      G
               +--------+--------+--------+--------+--------+-----+--------+
         Total |   1818 |   1811 |      7 |      0 |      0 |   6 |  303.0 |
       Dungeon |   1241 |   1234 |      7 |      0 |      0 |   4 |  310.2 |
         Sewer |    240 |    240 |      0 |      0 |      0 |   1 |  240.0 |
       Ossuary |    336 |    336 |      0 |      0 |      0 |   1 |  336.0 |
               +--------+--------+--------+--------+--------+-----+--------+

Top non-repeatable levels by time:
     D:2: 379 daAuts
     D:1: 355 daAuts
 Ossuary: 336 daAuts
     D:3: 300 daAuts
   Sewer: 240 daAuts
     D:4: 206 daAuts
